 Dungeon Crawl Stone Soup version 0.29-a0-214-g17f627cfee (webtiles) character file.

Game seed: 2744144084662837604

107 drugrobin the Slasher (level 4, 0/37 HPs)
             Began as a Demigod Fighter on Feb 24, 2022.
             Succumbed to an adder's poison
             ... on level 3 of the Dungeon.
             The game lasted 00:04:49 (2241 turns).

drugrobin the Slasher (Demigod Fighter)             Turns: 2241, Time: 00:04:50

Health: 0/37       AC:  9    Str: 21    XL:     4   Next: 32%
Magic:  6/6        EV:  9    Int: 10    God:
Gold:   104        SH:  4    Dex: 13    Spells: 3/3 levels left

rFire   . . .      SeeInvis .   a - +0 long sword
rCold   + . .      Faith    .   c - +0 buckler
rNeg    . . .      Spirit   .   b - +0 scale mail
rPois   .          Reflect  .   (no helmet)
rElec   .          Harm     .   (no cloak)
rCorr   .          Rampage  .   h - +1 pair of gloves
Will    .....                   l - +0 pair of boots
Stlth   ..........              (no amulet)
HPRegen 0.12/turn               o - ring of protection from cold
MPRegen 0.10/turn               (no ring)

@: lethally poisoned (0 -> -5), hasted, very quick
A: high MP 1, forlorn, divine attributes
a: no special abilities


You were on level 3 of the Dungeon.
You visited 1 branch of the dungeon, and saw 3 of its levels.

You collected 104 gold pieces.

Inventory:

Hand Weapons
 a - a +0 long sword (weapon)
Missiles
 e - 82 stones (quivered)
 r - 8 poisoned darts
Armour
 b - a +0 scale mail (worn)
 c - a +0 buckler (worn)
 h - a +1 pair of gloves (worn)
 l - a +0 pair of boots (worn)
Jewellery
 o - a ring of protection from cold (left hand)
Scrolls
 f - 2 scrolls of vulnerability {unknown}
 g - a scroll of fog {unknown}
 j - a scroll of silence {unknown}
 p - a scroll of magic mapping {unknown}
 q - a scroll of enchant armour {unknown}
Potions
 d - 2 potions of might
 i - 3 potions of haste
 k - 3 potions of magic
 m - 2 potions of heal wounds {unknown}
 n - 2 potions of flight {unknown}


   Skills:
 - Level 2.6 Fighting
 + Level 4.4 Long Blades
 - Level 2.6 Armour
 - Level 2.6 Shields


You had 3 spell levels left.
You didn't know any spells.
Your spell library contained the following spells:

 Spells                   Type           Power      Damage    Failure   Level
 Stone Arrow              Conj/Erth      0%         3d7       99%         3
 Animate Armour           Summ/Erth      0%         N/A       100%        4
 Lehudib's Crystal Spear  Conj/Erth      0%         10d2      100%        8


Dungeon Overview and Level Annotations

Branches:
Dungeon (3/15)

Shops:
D:1 *


Innate Abilities, Weirdness & Mutations

You have an increased reservoir of magic. (+10% MP)
You shall have no god before yourself.
Your divine heritage dramatically boosts your attributes as you level up.


Message History

You block the adder's attack.
You barely miss the adder.
The adder is heavily wounded.
You block the adder's attack. The adder bites you.
You are poisoned.
The adder poisons you!
You miss the adder.
The adder is heavily wounded.
You feel sick. The adder bites you.
* * * LOW HITPOINT WARNING * * *
The adder bites you but does no damage.
You barely miss the adder.
The adder is heavily wounded.
You feel sick. The adder bites you but does no damage.
You closely miss the adder.
The adder is heavily wounded.
You feel sick. The adder bites you.
* * * LOW HITPOINT WARNING * * *
The adder bites you but does no damage.
Unknown command.
Unknown command.
You miss the adder.
The adder is heavily wounded.
You feel sick. You block the adder's attack.
Unknown command.
Unknown command.
You hit the adder but do no damage.
The adder is heavily wounded.
You feel sick.
You are no longer poisoned.
The adder bites you.
* * * LOW HITPOINT WARNING * * *
You are lethally poisoned!
The adder poisons you! The adder bites you but does no damage.
Unknown command.
It was a potion of haste.
You feel yourself speed up.
* * * LOW HITPOINT WARNING * * *
You feel sick. The adder bites you but does no damage.
It was a potion of magic.
Magic courses through your body.
You die...

#.#..+≈ ♣≈≈
#.##.#≈♣#♣≈♣
#.# ##♣≈♣≈♣#
#.# #♣ ♣≈≈≈♣
#.# #P #♣≈♣≈♣
#.###≈♣♣≈♣#♣≈#
#...##≈≈♣# ≈+
###†##'## #
#.@S..######
#.##........
#.##........
#.##.......<
#.###.......
#.# #...#..
#.. ..###. ##.
... ...#


You could see an adder.

Vanquished Creatures
  4 gnolls
  3 adders
  6 ball pythons
  A giant cockroach (D:2)
  A goblin (D:2)
  3 hobgoblins
  6 jackals
  A quokka (D:3)
  5 bats
  3 frilled lizards
  6 kobolds
  9 rats
48 creatures vanquished.

Notes
Turn   | Place    | Note
-------+----------+-------------------------------------------
     0 | D:1      | drugrobin the Demigod Fighter began the quest for the Orb.
     0 | D:1      | Reached XP level 1. HP: 18/18 MP: 3/3
    17 | D:1      | Reached skill level 2 in Long Blades
   293 | D:1      | Found Abyikkoo's Assorted Antiques.
   408 | D:1      | Reached XP level 2. HP: 15/25 MP: 4/4
   564 | D:1      | Reached skill level 3 in Long Blades
  1136 | D:2      | Reached XP level 3. HP: 29/30 MP: 5/5
  1517 | D:2      | Reached skill level 4 in Long Blades
  1724 | D:2      | Reached XP level 4. HP: 34/37 MP: 6/6
  2240 | D:3      | HP: 1/37 [poisoned by an adder]
  2241 | D:3      | Succumbed to an adder's poison

Illustrated notes

Levels and vault maps discovered:
D:1:      minmay_arrival_diagonal_passages, layout_rooms, serial_shops,
          nicolae_shop_advertising_works [nicolae_subvault_shop_adworks]
D:2:      layout_basic, shapermc_ecumenical_altar_petra, serial_bayou_ford_a,
          minmay_cut_off
D:3:      layout_rooms, nicolae_overflow_squiral, dk_vineyard_3,
          saegor_snake_ambush

Skill      XL: |  1  2  3 |
---------------+----------+-----
Long Blades    | 2 3 4 |  4.4
Fighting       | |  2.6
Armour         | |  2.6
Shields        | |  2.6

Action                   |  1- 3 |  4- 6 || total
-------------------------+-------+-------++-------
Melee: Long sword        |   124 |    61 ||   185
Throw: Stone             |     6 |       ||     6
  Use: Potion            |       |     2 ||     2
Armor: Scale mail        |    60 |    42 ||   102
Dodge: Dodged            |    51 |    24 ||    75
Block: Buckler           |    26 |    15 ||    41

Table legend: (Time is in decaauts)
 A = Elapsed time spent in this place.
 B = Non-inter-level travel time spent in this place.
 C = Inter-level travel time spent in this place.
 D = Time resting spent in this place.
 E = Time spent auto-exploring this place.
 F = Levels seen in this place.
 G = Mean time per level.
                   A        B        C        D        E       F      G
               +--------+--------+--------+--------+--------+-----+--------+
         Total |   2301 |   2277 |     24 |    414 |   1296 |   3 |  767.0 |
       Dungeon |   2301 |   2277 |     24 |    414 |   1296 |   3 |  767.0 |
               +--------+--------+--------+--------+--------+-----+--------+

Top non-repeatable levels by time:
     D:2: 1101 daAuts
     D:1: 1023 daAuts
     D:3: 176 daAuts
